 Dungeon Crawl Stone Soup version 0.20.0 (webtiles) character file.

1886 Llamajah the Chopper (level 9, -10/70 HPs)
             Began as a Formicid Fighter on June 13, 2017.
             Was an Initiate of Okawaru.
             Killed by nerve-wracking pain
             ... invoked by an orc priest
              (11 damage)
             ... on level 6 of the Dungeon.
             The game lasted 00:18:19 (6431 turns).

Llamajah the Chopper (Formicid Fighter)             Turns: 6431, Time: 00:18:21

Health: -10/70     AC:  8    Str: 28      XL:     9   Next: 37%
Magic:  9/9        EV: 12    Int:  7      God:    Okawaru [......]
Gold:   374        SH:  0    Dex: 10 (12) Spells: 8/8 levels left

rFire    . . .     SeeInvis +   a - +0 war axe
rCold    . . .     Gourm    +   (no shield)
rNeg     . . .     Faith    .   b - +0 scale mail
rPois    .         Spirit   .   (helmet unavailable)
rElec    .         Reflect  .   w - +0 cloak
rCorr    .         Harm     .   (no gloves)
MR       .....                  (no boots)
Stlth    ..........             u - amulet of the gourmand
Regen    0.3/turn               (no ring)
MPRegen  0.2/turn               (no ring)

@: mighty
A: permanent stasis, dig shafts and tunnels, four strong arms, antennae 3
a: Dig, Shaft Self, Renounce Religion


You were on level 6 of the Dungeon.
You worshipped Okawaru.
Okawaru was noncommittal.
You were very full.

You visited 2 branches of the dungeon, and saw 7 of its levels.

You collected 374 gold pieces.

Inventory:

Hand Weapons
 a - a +0 war axe (weapon)
Armour
 b - a +0 scale mail (worn)
 c - a +0 shield
 w - a +0 cloak (worn)
Jewellery
 l - an uncursed ring of magical power
 n - an uncursed ring of ice
 u - an amulet of the gourmand (around neck)
Wands
 q - a wand of digging (10/24)
Scrolls
 e - 4 scrolls of teleportation {unknown}
 h - 2 scrolls of enchant weapon {unknown}
 i - 3 scrolls of identify {unknown}
 k - 4 scrolls of remove curse {unknown}
 m - a scroll of random uselessness {unknown}
 p - 2 scrolls of fog {unknown}
 s - 3 scrolls of amnesia {unknown}
 x - 2 scrolls of recharging {unknown}
 y - 2 scrolls of enchant armour {unknown}
 A - a scroll of magic mapping {unknown}
Potions
 j - a potion of curing {unknown}
 o - 2 potions of mutation {unknown}
 r - 2 potions of flight {unknown}
Comestibles
 f - 3 bread rations
 t - 4 meat rations
 v - 5 fruits


   Skills:
 + Level 6.3 Fighting
 * Level 7.1 Axes
 + Level 5.9 Armour
 + Level 4.0 Dodging
 - Level 6.5 Shields


You had 8 spell levels left.
You didn't know any spells.

Dungeon Overview and Level Annotations

Branches:
Dungeon (6/15)             Temple (1/1) D:6

Altars:
Ashenzari
Cheibriados
Elyvilon
Fedhas
Gozag
Hepliaklqana
Kikubaaqudgha
Makhleb
Nemelex Xobeh
Okawaru
Qazlal
Ru
Sif Muna
Uskayaw
Vehumet
Xom
Yredelemnul
Zin
The Shining One


Innate Abilities, Weirdness & Mutations

You cannot be hasted, slowed, berserked, paralysed or teleported.
You can dig through walls and to a lower floor.
Your four strong arms can wield two-handed weapons with a shield.
You have a pair of large antennae on your head. (SInv)


Message History

You slash the orc priest!
The orc priest is severely wounded.
You barely miss the orc warrior. The orc priest hits you with a trident.
* * * LOW HITPOINT WARNING * * *
The orc warrior hits you with a short sword!
* * * LOW HITPOINT WARNING * * *
You barely miss the orc priest.
The orc priest is severely wounded.
You hit the orc warrior but do no damage.
The orc warrior hits you but does no damage.
The orc priest calls upon Beogh to heal the orc warrior.
The orc warrior is healed somewhat.
You completely miss the orc priest.
The orc priest is severely wounded.
You hit the orc warrior.
The orc warrior hits you with a short sword.
* * * LOW HITPOINT WARNING * * *
The orc priest calls down the wrath of Beogh upon you.
Pain shoots through your body!
You die...

#.#.# #.#.# #.#.#
#.#.# #.#.# #.#.#
# ###########.#.#
#.##......o...>#.#
##.#
#........o@).....#
.#.#
####.#############
.#.# #.#
...#######.#
...........#
..#######..####
..#####.......#
.<...##.#..##.#
..##.##.#..##.#


You could see an orc warrior and an orc priest.

Vanquished Creatures
  Edmund (D:5)
  A sky beast (D:6)
  An ice beast (D:5)
  4 ogres
  2 bullfrogs (D:6)
  A wyvern zombie (D:6)
  A water moccasin zombie (D:6)
  2 scorpions
  A wyvern skeleton (D:6)
  A crimson imp (D:3)
  A quasit (D:6)
  An orc priest (D:4)
  3 hounds
  A centaur skeleton (D:6)
  2 iguanas
  6 worker ants
  5 orc wizards
  A howler monkey zombie (D:5)
  A worker ant zombie (D:6)
  7 gnolls
  8 adders
  2 oozes
  4 worms
  2 dart slugs (D:2)
  3 leopard geckos
  18 orcs
  8 bats
  8 giant cockroaches
  11 goblins
  12 hobgoblins
  4 jackals
  2 quokkas
  A ball python (D:4)
  7 frilled lizards
  11 kobolds
  6 rats
150 creatures vanquished.

Notes
Turn   | Place    | Note
-------+----------+-------------------------------------------
     0 | D:1      | Llamajah the Formicid Fighter began the quest for the Orb.
     0 | D:1      | Reached XP level 1. HP: 18/18 MP: 1/1
    54 | D:1      | Reached XP level 2. HP: 19/24 MP: 2/2
   462 | D:1      | Reached XP level 3. HP: 29/29 MP: 3/3
  1016 | D:2      | Reached skill level 1 in Dodging
  1016 | D:2      | Reached XP level 4. HP: 29/36 MP: 4/4
  1085 | D:2      | Reached skill level 3 in Axes
  1477 | D:1      | Reached XP level 5. HP: 39/42 MP: 5/5
  2530 | D:3      | Reached XP level 6. HP: 49/49 MP: 6/6
  2694 | D:4      | Noticed an ogre
  2696 | D:4      | Reached skill level 4 in Axes
  3116 | D:4      | Reached XP level 7. HP: 21/55 MP: 7/7
  3621 | D:4      | Noticed a fire elemental
  3622 | D:4      | Found a stormy altar of Qazlal.
  3625 | D:4      | Noticed a water elemental
  3625 | D:4      | Noticed an air elemental
  3652 | D:4      | Reached skill level 5 in Shields
  3847 | D:4      | Reached skill level 5 in Axes
  3884 | D:5      | Entered Level 5 of the Dungeon
  3989 | D:5      | Reached skill level 5 in Fighting
  4077 | D:5      | Reached XP level 8. HP: 30/62 MP: 8/8
  4566 | D:5      | Noticed Edmund
  4583 | D:5      | Killed Edmund
  5027 | D:5      | Reached skill level 5 in Armour
  5070 | D:5      | Reached skill level 6 in Axes
  5552 | D:6      | Reached XP level 9. HP: 61/69 MP: 9/9
  6093 | D:6      | Reached skill level 7 in Axes
  6102 | D:6      | Found a staircase to the Ecumenical Temple.
  6114 | Temple   | Entered the Ecumenical Temple
  6277 | Temple   | Became a worshipper of Warmaster Okawaru
  6431 | D:6      | HP: 1/70 [orc warrior/short sword (5)]
  6431 | D:6      | Killed from afar by an orc priest

Skill      XL: |  1  2  3  4  5  6  7  8  9 |
---------------+----------------------------+-----
Dodging        | 1 2 3 4 |  4.0
Axes           | 3 4 5 6 7 |  7.1
Fighting       | 4 5 6 |  6.3
Shields        | 4 5 6 |  6.5
Armour         | 4 5 |  5.9

Action                   |  1- 3 |  4- 6 |  7- 9 || total
-------------------------+-------+-------+-------++-------
Melee: War axe           |   121 |   221 |   306 ||   648
 Abil: Dig               |       |     1 |       ||     1
  Use: Potion            |       |     2 |     4 ||     6
  Eat: Chunk             |     1 |    18 |    10 ||    29
Armor: Scale mail        |    64 |   108 |    95 ||   267
Dodge: Dodged            |    39 |    67 |   119 ||   225
Block: Shield            |    70 |   112 |   134 ||   316
